 Dungeon Crawl Stone Soup version 0.28-a0-1506-g3893175d92 (webtiles) character file.

Game seed: 13588361899114713849

197 HallandMoats the Skirmisher (level 5, -5/47 HPs)
             Began as a Ghoul Fighter on Jan 14, 2022.
             Slain by an iguana (7 damage)
             ... on level 3 of the Dungeon.
             The game lasted 00:02:30 (2625 turns).

HallandMoats the Skirmisher (Ghoul Fighter)         Turns: 2625, Time: 00:02:31

Health: -5/47      AC:  9    Str: 20    XL:     5   Next: 75%
Magic:  4/4        EV:  9    Int:  5    God:
Gold:   126        SH:  4    Dex:  8    Spells: 4/4 levels left

rFire   . . .      SeeInvis .   a - +0 long sword
rCold   + . .      Faith    .   c - +0 buckler
rNeg    + + +      Spirit   .   b - +0 scale mail
rPois   ∞          Reflect  .   (no helmet)
rElec   .          Harm     .   e - +0 cloak
rCorr   .          Rampage  .   i - +0 pair of gloves
Will    .....                   (no boots)
Stlth   ..........              (no amulet)
HPRegen 0.00/turn               (no ring)
MPRegen 0.09/turn               (no ring)

@: inhibited regen
A: claws 1, cold resistance 1, negative energy resistance 3, inhibited
regeneration, torment resistance 2
a: no special abilities


You were on level 3 of the Dungeon.
You visited 1 branch of the dungeon, and saw 4 of its levels.

You collected 126 gold pieces.

Inventory:

Hand Weapons
 a - a +0 long sword (weapon)
Armour
 b - a +0 scale mail (worn)
 c - a +0 buckler (worn)
 e - a +0 cloak (worn)
 i - a +0 pair of gloves (worn)
Jewellery
 l - a ring of wizardry
 o - a ring of willpower
Scrolls
 g - 2 scrolls of amnesia {unknown}
 j - 4 scrolls of identify {unknown}
 k - a scroll of fear {unknown}
 m - 2 scrolls of enchant weapon {unknown}
 q - a scroll of silence {unknown}
 r - 2 scrolls of teleportation {unknown}
 t - 2 scrolls of magic mapping {unknown}
Potions
 d - 2 potions of might
 f - 2 potions of curing {unknown}
 h - a potion of mutation {unknown}
 n - a potion of heal wounds {unknown}
 p - a potion of flight {unknown}
 s - a potion of brilliance {unknown}


   Skills:
 * Level 4.6 Fighting
 * Level 3.2 Long Blades
 + Level 3.1 Armour
 + Level 1.6 Dodging
 + Level 3.2 Shields


You had 4 spell levels left.
You didn't know any spells.
Your spell library contained the following spells:

 Spells                   Type           Power      Damage    Failure   Level
 Conjure Flame            Conj/Fire      0%         6-21      99%         3
 Ignite Poison            Fire/Tmut/Pois 0%         N/A       99%         3
 Sticky Flame             Conj/Fire      0%         2d3       100%        4


Dungeon Overview and Level Annotations

Branches:
Dungeon (4/15)
 Temple: D:4-7

Altars:


Innate Abilities, Weirdness & Mutations

You thrive by killing the living.
You are immune to poison.
You have sharp fingernails.
Your flesh is cold resistant. (rC+)
You are immune to negative energy. (rN+++)
You do not regenerate when monsters are visible.
You are immune to unholy pain and torment.


Message History

You are too injured to fight recklessly!
You are too injured to fight recklessly!
You are too injured to fight recklessly!
You are too injured to fight recklessly!
You hit the gnoll but do no damage.
The gnoll is severely wounded.
The gnoll barely misses you. x2
You hit the gnoll.
You kill the gnoll!
You feel better. The gnoll barely misses you.
There is a stone staircase leading up here.
The gnoll hits you from afar with a +0 spear.
The gnoll hits you from afar with a +0 spear.
The gnoll hits you from afar with a +0 spear.
The iguana bites you!
* * * LOW HITPOINT WARNING * * *
The gnoll hits you but does no damage.
The gnoll hits you from afar with a +0 spear.
* * * LOW HITPOINT WARNING * * *
You climb upwards.
There is a stone staircase leading down here.
You barely miss the iguana. The iguana closely misses you.
You block the iguana's attack.
You hit the iguana but do no damage. You block the iguana's attack.
You hit the iguana.
The iguana is lightly wounded.
The iguana bites you.
* * * LOW HITPOINT WARNING * * *
You hit the iguana.
The iguana is moderately wounded.
The iguana bites you.
* * * LOW HITPOINT WARNING * * *
You hit the iguana but do no damage.
The iguana is moderately wounded.
The iguana completely misses you.
The iguana bites you but does no damage.
You closely miss the iguana.
The iguana is moderately wounded.
The iguana bites you!
You die...

#.........##......#.......
#.........##......#...#.#.
#...#......'.....†'.......
#...########......###.#.#.
#...########......# #.....
#...#.............# ####.#
#####.............# #)#
#.....l....#### #.#
#....@.....# #..
#..........# #..
#..........# #..
#..........# #..
#####..........# #..
#..............# #..
#..............# #..
#..............# #..
#.......######## ###..


You could see an iguana.

Vanquished Creatures
  A bullfrog skeleton (D:4)
  Terence (D:2)
  An orc wizard (D:3)
  2 gnolls (D:4)
  2 adders (D:2)
  A worm (D:3)
  3 dart slugs (D:1)
  7 orcs (D:3)
  5 endoplasms
  3 giant cockroaches
  9 hobgoblins
  A jackal (D:2)
  7 kobolds
  5 quokkas
  6 ball pythons
  2 bats
  4 frilled lizards
  4 rats (D:1)
64 creatures vanquished.

Notes
Turn   | Place    | Note
-------+----------+-------------------------------------------
     0 | D:1      | HallandMoats the Ghoul Fighter began the quest for the Orb.
     0 | D:1      | Reached XP level 1. HP: 19/19 MP: 0/0
   152 | D:1      | Reached XP level 2. HP: 26/26 MP: 1/1
  1071 | D:2      | Reached XP level 3. HP: 33/33 MP: 2/2
  1236 | D:2      | Noticed Terence
  1241 | D:2      | Killed Terence
  1242 | D:2      | Reached skill level 4 in Fighting
  1242 | D:2      | Reached skill level 1 in Dodging
  1242 | D:2      | Reached XP level 4. HP: 40/40 MP: 3/3
  1488 | D:2      | Found a faded altar of an unknown god.
  2355 | D:3      | Reached XP level 5. HP: 32/47 MP: 4/4
  2623 | D:3      | HP: 2/47 [iguana (2)]
  2625 | D:3      | Slain by an iguana

Illustrated notes

Levels and vault maps discovered:
D:1:      pf_arrival_petrified_forest, layout_basic
D:2:      kennysheep_big_flooded_room, layout_basic,
          shapermc_ecumenical_altar_notcrosses, minmay_box_of_dots, uniq_terence
D:3:      layout_basic, serial_glass, glass_columns_b, glass_columns_b,
          glass_columns_a, glass_columns_a, glass_columns_a, glass_columns_a
D:4:      layout_cave_pods

Skill      XL: |  1  2  3  4  5 |
---------------+----------------+-----
Long Blades    | 2 3 |  3.2
Fighting       | 4 |  4.6
Dodging        | 1 |  1.6
Shields        | 3 |  3.2
Armour         | 3 |  3.1

Action                   |  1- 3 |  4- 6 || total
-------------------------+-------+-------++-------
Melee: Long sword        |    68 |   163 ||   231
Armor: Scale mail        |    35 |    90 ||   125
Dodge: Dodged            |    22 |    84 ||   106
Block: Buckler           |    11 |    40 ||    51

Table legend: (Time is in decaauts)
 A = Elapsed time spent in this place.
 B = Non-inter-level travel time spent in this place.
 C = Inter-level travel time spent in this place.
 D = Time resting spent in this place.
 E = Time spent auto-exploring this place.
 F = Levels seen in this place.
 G = Mean time per level.
                   A        B        C        D        E       F      G
               +--------+--------+--------+--------+--------+-----+--------+
         Total |   2696 |   2646 |     50 |      0 |   2100 |   4 |  674.0 |
       Dungeon |   2696 |   2646 |     50 |      0 |   2100 |   4 |  674.0 |
               +--------+--------+--------+--------+--------+-----+--------+

Top non-repeatable levels by time:
     D:1: 1064 daAuts
     D:3: 776 daAuts
     D:2: 731 daAuts
     D:4: 123 daAuts
